 Dungeon Crawl Stone Soup version 0.31-a0-188-g5e087ee2ca (webtiles) character file.

Game seed: 7248204168694845121

18 qw the Shooter (level 2, 0/16 HPs)
             Began as a Deep Elf Hunter on June 23, 2023.
             Succumbed to their own poison gas
             ... on level 1 of the Dungeon.
             The game lasted 00:00:12 (614 turns).

qw the Shooter (Deep Elf Hunter)                     Turns: 614, Time: 00:00:13

Health: 0/16       AC:  3    Str:  8    XL:     2   Next: 48%
Magic:  4/4        EV: 12    Int: 13    God:
Gold:   83         SH:  0    Dex: 18    Spells: 1/1 levels left

rFire   . . .        Y - +0 shortbow (freeze)
rCold   . . .        (shield currently unavailable)
rNeg    . . .        c - +0 leather armour
rPois   .            (no helmet)
rElec   .            (no cloak)
rCorr   .            (no gloves)
SInv    .            (no boots)
Will    .....        (no amulet)
Stlth   ++           (no ring)
HPRegen 0.22/turn    (no ring)
MPRegen 0.09/turn

%: no passive effects
@: lethally poisoned (0 -> -12)
A: no striking features
a: no special abilities


You were on level 1 of the Dungeon.
You visited 1 branch of the dungeon, and saw 1 of its levels.

You collected 83 gold pieces.


   Skills:
 - Level 1.5 Fighting
 + Level 6.3 Ranged Weapons
 - Level 2.4 Dodging
 - Level 1.2 Stealth


You had one spell level left.
You didn't know any spells.
Your spell library was empty.

Inventory:

Hand Weapons
 Y - a +0 shortbow of freezing (weapon)
Armour
 c - a +0 leather armour (worn)
Potions
 e - a potion of attraction {unknown}
 h - a potion of curing {unknown}
 j - a potion of heal wounds {unknown}
 n - a potion of magic {unknown}

Dungeon Overview and Level Annotations

Branches:
Dungeon (1/15)

Altars:


Message History

It is a scroll of identify.
Really abort (and waste the scroll)?
Done exploring.
608 ||| READING scroll labelled JEDGHA NASEOTEH.
As you read the scroll labelled JEDGHA NASEOTEH, it crumbles to dust.
The air around you briefly surges with heat, but it dissipates.
It was a scroll of immolation.
Done exploring.
609 ||| READING scroll labelled MIZEOSKAOHE.
The air fills with toxic fumes!
As you read the scroll labelled MIZEOSKAOHE, it crumbles to dust.
It was a scroll of poison.
Done exploring.
610 ||| DROPPING scroll of butterflies.
You drop a scroll of butterflies.
Done exploring.
611 ||| DROPPING scroll of revelation.
You drop a scroll of revelation.
Done exploring.
(D) Dungeon
Where to? (* - list waypoints, ? - help)
What level of the Dungeon? (default 1, ? - help) Sorry, I don't know how to get there.
Enter note:
Enter note:
Enter note:
Enter note:
Enter note:
Enter note:
Enter note:
Enter note:
Enter note: Really walk into that cloud of poison gas?
You are engulfed in poison gas.
You are lethally poisoned!
You feel very sick.
613 ||| Stepping ~*~*~tactically~*~*~ (cloud).
You feel very sick.
Things that are here:
a scroll of revelation; a scroll of butterflies
There is a lethal amount of poison in your body!
You die...

.........###.....#........#..##..
####.###.##..##¤¤#........'..##..
#.# #.....##¤¤#...<....#..###.
###.###.....##¤¤+........#..##..
#...........##¤¤#........#.....#
#.#.###.######¤¤#........#..####
#.#.# #.######¤¤###+######..# #
#.#.# #.######¤¤¤¤¤¤¤¤¤.....####
##.#.###.######¤@¤¤¤¤¤¤¤.....##..
.........###############.#######.
.#.#>...################.######..
.#.####.#####..#.#######..##.#.#.
.#.# #.#####..#.########........
.#.####.#####......###########.##
...............###.###### #.#
.##............###......# #.#
.##.##..######.###.##.#.# #%#


There were no monsters in sight!

Vanquished Creatures
  4 endoplasms (D:1)
  A giant cockroach (D:1)
  A goblin (D:1)
  3 hobgoblins (D:1)
  2 ball pythons (D:1)
  A bat (D:1)
  A kobold (D:1)
  3 rats (D:1)
16 creatures vanquished.

Notes
Turn   | Place    | Note
-------+----------+-------------------------------------------
     0 | D:1      | qw the Deep Elf Hunter began the quest for the Orb.
     0 | D:1      | Reached XP level 1. HP: 12/12 MP: 3/3
     0 | D:1      | 0 ||| qw: Version: 0.3-a-9-g12657ce
     0 | D:1      | 0 ||| qw: Game counter: 3103
     0 | D:1      | 0 ||| qw: Always use a shield: true
     0 | D:1      | 0 ||| qw: God list: Okawaru
     0 | D:1      | 0 ||| qw: Allow faded altars: false
     0 | D:1      | 0 ||| qw: Do Orc after D:15 true
     0 | D:1      | 0 ||| qw: Do second Lair branch before Depths: true
     0 | D:1      | 0 ||| qw: Lair rune preference: random
     0 | D:1      | 0 ||| qw: Plans: Normal
     0 | D:1      | 0 ||| PLANNING D:1-11
   166 | D:1      | Reached skill level 6 in Ranged Weapons
   166 | D:1      | Reached XP level 2. HP: 16/16 MP: 4/4
   600 | D:1      | 600 ||| DROPPING scarf of harm.
   601 | D:1      | 601 ||| READING scroll labelled HIUFUN ARIEX.
   602 | D:1      | 602 ||| READING scroll labelled YRYOGU HEKI.
   605 | D:1      | 605 ||| READING 2 scrolls labelled GATZOI DUOQ.
   606 | D:1      | 606 ||| READING scroll labelled JIXID KIOTAE.
   607 | D:1      | 607 ||| READING scroll labelled XUCUBI ILEUMMYL.
   608 | D:1      | 608 ||| READING scroll labelled JEDGHA NASEOTEH.
   609 | D:1      | 609 ||| READING scroll labelled MIZEOSKAOHE.
   610 | D:1      | 610 ||| DROPPING scroll of butterflies.
   611 | D:1      | 611 ||| DROPPING scroll of revelation.
   613 | D:1      | 613 ||| Stepping ~*~*~tactically~*~*~ (cloud).
   613 | D:1      | HP: 3/16 [poisoned by you (poison gas)]
   614 | D:1      | Succumbed to their own poison gas

Levels and vault maps discovered:
D:1:      lemuel_arrival_room, layout_loops_ring

Skill      XL: |  1 |
---------------+----+-----
Ranged Weapons | 6 |  6.3
Fighting       | |  1.5
Dodging        | |  2.4
Stealth        | |  1.2

Action                     || total
---------------------------++-------
   Fire: Shortbow          ||    29
    Use: Scroll            ||     7

Table legend:
 A = Non-vault XP
 B = Vault XP
 C = Vault XP percentage of total XP
 D = Non-vault monster count
 E = Vault monster count
 F = Vault count percentage of total count
                 A         B        C        D         E       F
            +---------+---------+-------+---------+---------+-------
      Total |      26 |       0 |   0.0 |      16 |       0 |   0.0
            +---------+---------+-------+---------+---------+-------
        D:1 |      26 |       0 |   0.0 |      16 |       0 |   0.0
            +---------+---------+-------+---------+---------+-------
